 Dungeon Crawl Stone Soup version 0.32-a0-994-gabb26cbae4 (webtiles) character file.

Game seed: 9241867650751572444

137826 Bnni the Severer (level 17, -11/145 HPs)
             Began as a Coglin Berserker on Apr 22, 2024.
             Was the Champion of Trog.
             Incinerated by a sun moth (23 damage)
             ... with a flurry of pyrophoric scales
             ... on level 1 of the Spider Nest.
             The game lasted 01:15:41 (32115 turns).

Bnni the Severer (Coglin Berserker)                Turns: 32115, Time: 01:15:42

Health: -11/145    AC: 26    Str: 24    XL:     17   Next: 24%
Magic:  5/5        EV: 10    Int:  6    God:    Trog [******]
Gold:   4748       SH:  0    Dex: 16    Spells: 16/16 levels left

rFire   . . .        W - +8 broad axe (flame) {Shi}
rCold   + + .        f - +6 broad axe (antimagic) {Thatsani}
rNeg    . . .        u - +0 plate armour {rC+}
rPois   +            T - +2 helmet {SInv}
rElec   +            t - +1 cloak
rCorr   +            P - +2 pair of gloves of the Equator {+Blink rC+ Will+}
SInv    +            U - +0 pair of boots {Stlth+}
Will    ++...        (amulet unavailable) Stlth
                     (ring unavailable)
HPRegen 0.44/turn    (ring unavailable)
MPRegen 0.09/turn    S - gigasamoflange Ver.24 {AutoDazzle, rElec rPois rCorr}

%: no passive effects
@: on fire, on blink cooldown, slowed, glowing, studying Ice Magic, revving,
very slow
A: off-hand wielding, slow wielding, warmup strikes, no jewellery
a: Renounce Religion, Evoke Blink, Berserk, Trog's Hand, Brothers in Arms


You were on level 1 of the Spider Nest.
You worshipped Trog.
Trog was exalted by your worship.
You visited 4 branches of the dungeon, and saw 23 of its levels.
You also visited: Trove, Gauntlet, Ice Cave and Volcano.

You collected 5265 gold pieces.
You spent 517 gold pieces at shops.

Inventory:

Hand Weapons
 f - a +6 antimagic broad axe (offhand) {Thatsani}
 q - a +2 broad axe of freezing {Lucia}
 W - a +8 broad axe of flaming (weapon) {Shi}
Missiles
 c - 16 boomerangs
 g - 8 silver javelins
 C - 2 curare-tipped darts
Armour
 a - the +3 Mad Mage's Maulers {Infuse+∞ VampMP -Cast}
   (You acquired it on level 10 of the Dungeon)

   Infuse+∞: It empowers its wearer's blows with all of their magic.
   VampMP:    Blows struck in melee replenish the wearer's magic.
   -Cast:     It prevents spellcasting.
 t - a +1 cloak (worn)
 u - a +0 plate armour of cold resistance (worn)
 P - the +2 pair of gloves of the Equator (worn) {+Blink rC+ Will+}
   (You found it in a Gauntlet)

   rC+:       It protects you from cold.
   Will+:     It increases your willpower.
   +Blink:    It lets you blink.
 T - a +2 helmet of see invisible (worn)
 U - a +0 pair of boots of stealth (worn)
Gizmo
 S - a gigasamoflange Ver.24 (installed) {AutoDazzle, rElec rPois rCorr}
   (You invented it yourself on level 14 of the Dungeon)

   [gigasamoflange Ver.24]

   AutoDazzle: It sometimes fires a blinding ray at enemies whose attacks you
   dodge.
   rElec:     It insulates you from electricity.
   rPois:     It protects you from poison.
   rCorr:     It protects you from acid and corrosion.
Wands
 i - a wand of paralysis (6)
 m - a wand of flame (10)
 p - a wand of warping (16)
 w - a wand of polymorph (19)
 z - a wand of mindburst (15)
 A - a wand of light (34)
 D - a wand of digging (2)
Scrolls
 b - 2 scrolls of summoning
 d - a scroll of enchant armour
 j - 13 scrolls of teleportation
 v - 2 scrolls of fog
 F - 3 scrolls of fear
 H - 4 scrolls of immolation
 K - 2 scrolls of silence
 O - 5 scrolls of blinking
Potions
 e - 2 potions of magic
 h - 5 potions of heal wounds
 k - 2 potions of mutation {unknown}
 o - a potion of brilliance {unknown}
 s - 4 potions of might
 x - a potion of ambrosia {unknown}
 B - 5 potions of haste
 E - a potion of berserk rage {unknown}
 G - 3 potions of lignification {unknown}
 J - 6 potions of curing
 L - 3 potions of attraction {unknown}
 N - 3 potions of resistance
 V - 2 potions of enlightenment
Miscellaneous
 r - a phial of floods
 Q - a box of beasts
 R - a lightning rod (4/4)


   Skills:
 + Level 16.5 Fighting
 - Level 18.0 Axes
 + Level 11.1 Armour
 + Level 8.9 Dodging
 - Level 16.0 Evocations


You had 16 spell levels left.
You didn't know any spells.
Your spell library contained the following spells:

 Spells                   Type           Power      Damage    Failure   Level
 Sting                    Conj/Alch      0%         1d3       99%         1
 Call Imp                 Summ           0%         N/A       100%        2
 Mercury Vapours          Alch/Air       0%         N/A       100%        2
 Sublimation of Blood     Necr           0%         N/A       100%        2
 Fugue of the Fallen      Necr           0%         N/A       100%        3
 Inner Flame              Hex/Fire       0%         N/A       100%        3
 Tukima's Dance           Hex            0%         N/A       100%        3
 Volatile Blastmotes      Fire/Tloc      0%         2d10      100%        3
 Flame Wave               Conj/Fire      0%         2d4       100%        4
 Leda's Liquefaction      Alch/Erth      0%         N/A       100%        4
 Olgreb's Toxic Radiance  Alch           0%         N/A       100%        4
 Passage of Golubria      Tloc           0%         N/A       100%        4
 Petrify                  Alch/Erth      0%         N/A       100%        4
 Sticky Flame             Fire/Alch      0%         2d4       100%        4
 Metabolic Englaciation   Hex/Ice        0%         N/A       100%        5
 Yara's Violent Unravell  Hex/Alch       0%         3d3       100%        5
 Death Channel            Necr           0%         N/A       100%        6
 Summon Hydra             Summ           0%         N/A       100%        7


Dungeon Overview and Level Annotations

Branches:
Dungeon (15/15)            Temple (0/1) D:5            Lair (5/5) D:11
 Shoals (0/4) Lair:3       Spider (1/4) Lair:3        Slime (0/5) Lair:4
    Orc (2/2) D:10            Elf (0/3) Orc:2        Vaults (0/5) D:13
 Depths (0/4) D:15          IceCv (visited)         Volcano (visited)
Gauntlet (visited)

Altars:
Cheibriados
Elyvilon
Gozag
Hepliaklqana
Qazlal
Ru
Trog
The Shining One
Jiyva

Shops:
D:5 !   D:6 ?   Orc:2 :[!!:

Portals:
Pandemonium: Orc:2


Innate Abilities, Weirdness & Mutations

You can wield a second weapon in your off-hand.
It takes a long time for you to wield or remove held weapons.
Your first few attacks do less damage.
You cannot equip rings or amulets.


Message History

* * * LOW HITPOINT WARNING * * *
The demonic crawler barely misses you.
The sun moth's wings beat fiercely.
The flurry of pyrophoric scales hits you.
You are even more covered in intense liquid fire!
The demonic crawler hits you but does no damage.
The demonic crawler hits you.
* * * LOW HITPOINT WARNING * * *
The demonic crawler hits you.
* * * LOW HITPOINT WARNING * * *
The demonic crawler barely misses you.
The demonic crawler closely misses you. x2
The sun moth's wings beat fiercely.
The flurry of pyrophoric scales hits you.
You are even more covered in intense liquid fire!
Okay, then.
You feel much better. The liquid fire burns you!
* * * LOW HITPOINT WARNING * * *
The demonic crawler hits you but does no damage. x2
The demonic crawler completely misses you.
The demonic crawler hits you but does no damage.
The demonic crawler closely misses you.
The demonic crawler hits you but does no damage.
The sun moth bites you but does no damage.
The demonic crawler closely misses you.
The demonic crawler hits you but does no damage. x2
The demonic crawler barely misses you. The demonic crawler hits you.
* * * LOW HITPOINT WARNING * * *
The demonic crawler hits you.
* * * LOW HITPOINT WARNING * * *
The demonic crawler hits you but does no damage. x2
The demonic crawler barely misses you. The demonic crawler hits you.
* * * LOW HITPOINT WARNING * * *
The demonic crawler hits you but does no damage.
The demonic crawler closely misses you.
Okay, then.
You blink.
A redback comes into view.
The liquid fire burns you!
You die...

...... s..
....###.. ~~##
........ ~~~#
......... ~#
#≈~~##....#....
~~~#~~~#^.........
~~~~~..#.##..#..
#~w~#>.@.....:.
###≈~†#..........
#~~~~†sy......##.
~≈~~#..s§.........
~~~##..ss#........
#.......#.#.....
##....††##......
###.....###....
#.....<....#..


You could see a sun moth, 4 demonic crawlers and a redback (asleep).

Vanquished Creatures
  Jorgrun (D:15)
  Kirke (Lair:5)
  2 frost giants
  Louise (D:15)
  An orc warlord (Orc:2)
  An ironbound preserver (D:13)
  7 hydras
  Josephine (Orc:1)
  2 yaktaur captains (D:14)
  A catoblepas (Lair:5)
  2 ogre magi
  5 boulder beetles
  3 demonspawn (Orc:2)
  10 centaur warriors
  4 two-headed ogres
  8 death yaks
  4 tengu warriors
  8 orc high priests (Orc:2)
  5 demonic crawlers (Spider:1)
  A soul eater (Orc:2)
  2 skysharks
  Lodul (D:12)
  2 deep elf archers (Volcano)
  An orb spider (Spider:1)
  A sea snake (shapeshifter) (D:14)
  A lindwurm (Lair:5)
  3 obsidian bats
  3 wolf spiders
  4 deep elf pyromancers (Volcano)
  6 orc knights
  7 cyclopes
  12 ugly things
  6 orc sorcerers (Orc:2)
  3 manticores
  A moth of wrath (Gauntlet)
  8 black mambas
  10 elephants
  A merfolk siren (Lair:3)
  20 cane toads
  4 kobold blastminers (Orc:2)
  2 torpor snails
  2 gargoyles
  2 unseen horrors
  An ice statue (IceCv)
  A minotaur zombie (Gauntlet)
  A freezing wraith (D:15)
  19 rime drakes
  3 kobold demonologists
  8 komodo dragons
  A tengu conjurer (D:14)
  An efreet (D:12)
  An ice devil (Gauntlet)
  A red devil (Orc:2)
  Psyche (D:8)
  8 trolls
  A hellwing (Orc:2)
  7 polar bears
  A tarantella (Spider:1)
  A jumping spider (Spider:1)
  A hornet (D:10)
  20 blink frogs
  A slime creature (Lair:4)
  A culicivora (Spider:1)
  5 wraiths (Orc:1)
  A shadow (D:12)
  9 wyverns
  58 yaks
  2 vampires (D:12)
  5 hogs (Lair:5)
  6 basilisks
  5 wargs (Orc:2)
  2 redbacks (Spider:1)
  7 fire elementals (Volcano)
  9 vampire mosquitoes
  2 chaos spawn (Orc:2)
  Edmund (D:4)
  3 hell hounds (Volcano)
  2 acid dragons
  22 water moccasins
  2 ice beasts
  2 laughing skulls (D:13)
  36 orc warriors
  4 black bears
  18 wolves
  13 ogres
  8 centaurs
  4 kobold brigands
  12 bullfrogs
  2 gnoll sergeants
  A scorpion (D:10)
  6 small abominations (Gauntlet)
  7 wights
  An elephant simulacrum (Lair:1)
  24 killer bees
  4 howler monkeys
  5 jellies
  A bombardier beetle (D:3)
  5 hounds
  Crazy Yiuf (D:3)
  24 orc priests
  A sleepcap (D:5)
  A gnoll bouda (D:9)
  Terence (D:3)
  5 iguanas
  21 orc wizards
  14 hell rats
  9 adders
  12 gnolls
  3 white imps
  A ribbon worm (D:4)
  A dart slug (D:4)
  89 orcs
  6 ball pythons
  6 endoplasms
  4 giant cockroaches
  11 goblins
  6 hobgoblins
  7 jackals
  14 kobolds
  5 quokkas
  6 bats
  3 frilled lizards
  7 rats
801 creatures vanquished.

Vanquished Creatures (collateral kills)
  An orc warlord (Orc:2)
  A minotaur (Gauntlet)
  An ettin (D:14)
  An entropy weaver (D:13)
  A hydra (D:12)
  A two-headed ogre (D:11)
  An orc knight (Orc:2)
  An orange crystal statue (D:13)
  A deep elf pyromancer (D:12)
  5 orc sorcerers (Orc:2)
  A manticore (D:12)
  A minotaur zombie (Gauntlet)
  A troll (Orc:2)
  A shadow (D:12)
  A warg (Orc:2)
  2 vampire mosquitoes (D:11)
  5 orc warriors (Orc:2)
  4 ogres (Orc:2)
  2 killer bees
  An orc priest (Orc:2)
  3 orcs (Orc:2)
36 creatures vanquished.

Vanquished Creatures (others)
  A blizzard demon (Gauntlet)
1 creature vanquished.

Grand Total: 838 creatures vanquished

Notes
Turn   | Place    | Note
-------+----------+-------------------------------------------
     0 | D:1      | Bnni the Coglin Berserker began the quest for the Orb.
     0 | D:1      | Reached XP level 1. HP: 18/18 MP: 1/1
    96 | D:1      | Reached XP level 2. HP: 15/24 MP: 2/2
   873 | D:2      | Reached XP level 3. HP: 29/29 MP: 3/3
   980 | D:2      | Reached ** piety under Trog
  1160 | D:2      | Reached skill level 4 in Axes
  1590 | D:3      | Reached XP level 4. HP: 37/37 MP: 4/4
  1818 | D:3      | Reached XP level 5. HP: 42/42 MP: 5/5
  1827 | D:3      | Found a glowing golden altar of the Shining One.
  1830 | D:3      | Found an opulent altar of Gozag.
  1831 | D:3      | Found a bloodstained altar of Trog.
  1832 | D:3      | Found a white marble altar of Elyvilon.
  1832 | D:3      | Found a stormy altar of Qazlal.
  1930 | D:3      | Noticed Terence
  1935 | D:3      | Killed Terence
  1936 | D:3      | Reached skill level 5 in Axes
  2237 | D:3      | Found a runed translucent door.
  2238 | D:3      | Noticed Crazy Yiuf
  2247 | D:3      | Killed Crazy Yiuf
  2491 | D:4      | Reached XP level 6. HP: 49/49 MP: 6/6
  2613 | D:4      | Reached skill level 6 in Axes
  2615 | D:4      | Reached skill level 5 in Fighting
  2806 | D:4      | Reached *** piety under Trog
  2807 | D:4      | Reached XP level 7. HP: 53/56 MP: 7/7
  2892 | D:4      | Noticed Edmund
  2899 | D:4      | Killed Edmund
  2900 | D:4      | Reached skill level 7 in Axes
  3011 | D:5      | Entered Level 5 of the Dungeon
  3085 | D:5      | Found a staircase to the Ecumenical Temple.
  3436 | D:5      | Reached XP level 8. HP: 64/64 MP: 8/8
  3595 | D:5      | Found Zein Tos's Distillery.
  3658 | D:5      | Reached skill level 8 in Axes
  4352 | D:6      | Reached skill level 9 in Axes
  4357 | D:6      | Found Qafeskif's Magic Scroll Emporium.
  4366 | D:6      | Bought a scroll of identify for 30 gold pieces
  4366 | D:6      | Bought a scroll of identify for 30 gold pieces
  4366 | D:6      | Bought a scroll of summoning for 142 gold pieces
  4500 | D:6      | Found a snail-covered altar of Cheibriados.
  4591 | D:6      | Reached **** piety under Trog
  4934 | D:7      | Reached XP level 9. HP: 60/72 MP: 9/9
  5078 | D:7      | Reached skill level 10 in Axes
  5617 | D:7      | Found a sacrificial altar of Ru.
  5939 | D:8      | Reached skill level 1 in Evocations
  6122 | D:8      | Noticed Psyche
  6346 | D:8      | Killed Psyche
  6347 | D:8      | Reached skill level 11 in Axes
  6492 | D:8      | Reached XP level 10. HP: 28/82 MP: 10/10
  7227 | D:9      | Noticed a kobold demonologist
  7229 | D:9      | Noticed an orange demon
  7241 | D:9      | Killed a kobold demonologist
  7644 | D:9      | Reached skill level 12 in Axes
  7644 | D:9      | Reached skill level 5 in Evocations
  8122 | D:10     | Entered Level 10 of the Dungeon
  8536 | D:10     | Reached XP level 11. HP: 50/89 MP: 11/11
  8676 | D:10     | Identified a scroll of acquirement
  8677 | D:10     | Acquired the +3 Mad Mage's Maulers {Infuse+∞ VampMP -Cast}
  8677 | D:10     | Found the +3 Mad Mage's Maulers {Infuse+∞ VampMP -Cast}
  8767 | D:10     | Reached skill level 13 in Axes
  8906 | D:10     | Reached ***** piety under Trog
  9031 | D:10     | Found a staircase to the Orcish Mines.
  9626 | D:11     | Reached skill level 10 in Fighting
  9682 | D:11     | Found a staircase to the Lair.
  9696 | D:11     | Noticed a two-headed ogre
  9707 | D:11     | Killed a two-headed ogre
  9717 | D:11     | Reached skill level 14 in Axes
 10174 | D:11     | Noticed a two-headed ogre
 10178 | D:11     | Killed a two-headed ogre
 10631 | D:12     | Noticed a boulder beetle
 10632 | D:12     | Noticed a cyclops
 10643 | D:12     | Killed a cyclops
 10654 | D:12     | Killed a boulder beetle
 10655 | D:12     | Reached XP level 12. HP: 91/99 MP: 0/12
 11448 | D:12     | Noticed an ogre mage
 11449 | D:12     | Paralysed by an ogre mage for 5 turns
 11453 | D:12     | Noticed a four-headed hydra
 11455 | D:12     | Noticed a centaur warrior
 11457 | D:12     | Killed an ogre mage
 11458 | D:12     | Reached skill level 10 in Evocations
 11461 | D:12     | Killed a five-headed hydra
 11462 | D:12     | Reached skill level 15 in Axes
 11466 | D:12     | Killed a centaur warrior
 12294 | D:12     | Noticed Lodul
 12300 | D:12     | Killed Lodul
 12515 | D:12     | Reached skill level 16 in Axes
 12855 | D:5      | Bought a potion of resistance for 130 gold pieces
 12855 | D:5      | Bought a potion of haste for 130 gold pieces
 13089 | D:13     | Found a hazy altar of Hepliaklqana.
 13387 | D:13     | Noticed a centaur warrior
 13395 | D:13     | Killed a centaur warrior
 13408 | D:13     | Noticed a centaur warrior
 13418 | D:13     | Killed a centaur warrior
 13419 | D:13     | Reached XP level 13. HP: 73/108 MP: 1/13
 13606 | D:13     | Noticed an entropy weaver
 13606 | D:13     | Noticed an ironbound preserver
 13615 | D:13     | Killed an ironbound preserver
 13618 | D:13     | Killed an entropy weaver
 13621 | D:13     | Found a gate to the Vaults.
 14470 | D:13     | Found a portal to a secret trove of treasure.
 14707 | D:14     | Reached skill level 5 in Armour
 15543 | D:14     | Noticed a yaktaur captain
 15554 | D:14     | Killed a yaktaur captain
 15677 | D:14     | Noticed an ettin
 15680 | D:14     | Noticed a yaktaur captain
 15685 | D:14     | Killed an ettin
 15693 | D:14     | Killed a yaktaur captain
 15963 | D:15     | Entered Level 15 of the Dungeon
 15963 | D:15     | Noticed Jorgrun
 15969 | D:15     | Killed Jorgrun
 15970 | D:15     | Reached XP level 14. HP: 118/118 MP: 14/14
 15972 | D:14     | Acquired a gigasamoflange Ver.24 {AutoDazzle, rElec rPois
                  | rCorr}
 16280 | D:15     | Noticed Louise
 16296 | D:15     | Killed Louise
 17137 | D:15     | Found a staircase to the Depths.
 17137 | D:15     | Noticed a frost giant
 17140 | D:15     | Killed a frost giant
 17345 | D:15     | Found a glowing golden altar of the Shining One.
 17913 | Lair:1   | Entered Level 1 of the Lair of Beasts
 18040 | Lair:1   | Reached skill level 5 in Dodging
 18096 | Lair:1   | Found a frozen archway.
 18123 | IceCv    | Entered an ice cave
 18252 | IceCv    | Received a gift from Trog
 18997 | IceCv    | Noticed a frost giant
 19010 | IceCv    | Killed a frost giant
 19011 | IceCv    | Reached XP level 15. HP: 89/126 MP: 1/15
 20099 | Lair:2   | Found a gate leading to a gauntlet.
 20108 | Gauntlet | Entered a Gauntlet
 20108 | Gauntlet | Found a transporter.
 20108 | Gauntlet | Found a transporter.
 20108 | Gauntlet | Found a transporter.
 20112 | Gauntlet | Found a transporter.
 20112 | Gauntlet | Found a transporter.
 20112 | Gauntlet | Found a transporter.
 20122 | Gauntlet | Found a transporter.
 20122 | Gauntlet | Found a transporter.
 20126 | Gauntlet | Found a transporter.
 20136 | Gauntlet | Found a transporter.
 20241 | Gauntlet | Found a transporter.
 20251 | Gauntlet | Found a transporter.
 20330 | Gauntlet | Identified the +2 pair of gloves of the Equator {+Blink rC+
                  | Will+}
 21328 | Lair:2   | Identified the +2 chain mail of the Ageless Lovers
                  | {*Corrode rC+ Will+ MP+9}
 21927 | Lair:2   | Received a gift from Trog
 22405 | Lair:3   | Reached skill level 17 in Axes
 22786 | Lair:3   | Found a hole to the Spider Nest.
 23938 | Lair:3   | Found a staircase to the Shoals.
 24537 | Lair:4   | Found a dark tunnel.
 24542 | Volcano  | Entered a volcano
 24691 | Volcano  | Reached skill level 15 in Fighting
 25441 | Lair:4   | Reached skill level 18 in Axes
 25612 | Lair:4   | Found a staircase to the Slime Pits.
 25612 | Lair:4   | Found a viscous altar of Jiyva.
 25746 | Lair:4   | Reached XP level 16. HP: 131/136 MP: 2/16
 26232 | Lair:5   | Entered Level 5 of the Lair of Beasts
 26661 | Lair:5   | Reached ****** piety under Trog
 26848 | Lair:5   | Noticed Kirke
 26854 | Lair:5   | Killed Kirke
 27022 | Lair:5   | Identified the +1 war axe of Dishonesty {speed, rC- MP-9
                  | Str+8 SInv}
 27680 | Lair:5   | Identified the +5 hand axe "Rotten Concordance" {flame, rF+
                  | Int-5 Stlth+} (Trog gifted it to you on level 5 of the Lair
                  | of Beasts)
 27680 | Lair:5   | Received a gift from Trog
 28133 | Lair:5   | Reached skill level 10 in Armour
 28846 | Orc:1    | Entered Level 1 of the Orcish Mines
 28846 | Orc:1    | Noticed Josephine
 28851 | Orc:1    | Killed Josephine
 28852 | Orc:1    | Reached skill level 15 in Evocations
 28971 | Orc:2    | Entered Level 2 of the Orcish Mines
 29280 | Orc:2    | Found Gakuetaf's Book Boutique.
 29461 | Orc:2    | Received a gift from Trog
 29708 | Orc:2    | Found Gaitwuc's Distillery.
 29720 | Orc:2    | Found Xatiryn's Distillery.
 29848 | Orc:2    | Bought a potion of enlightenment for 55 gold pieces
 30059 | Orc:2    | Got the Essays on Left-Handed Ceremonies and the Voyage
 30063 | Orc:2    | Identified the quicksilver dragon scales of Qazlal's
                  | Indignation {Will+ Dex+5}
 30304 | Orc:2    | Found a staircase to the Elven Halls.
 30574 | Orc:2    | Reached XP level 17. HP: 119/144 MP: 0/17
 30696 | Orc:2    | Found Goill's Book Boutique.
 30696 | Orc:2    | Found a one-way gate leading to the halls of Pandemonium.
 30696 | Orc:2    | Found Peenuf's Antique Armour Shop.
 31541 | Orc:1    | You fall into a shaft and drop 1 floor!
 31850 | D:13     | You paid a toll of +3 gold dragon scales to enter a
                  | treasure trove
 31851 | Trove    | Entered a treasure trove
 31858 | Trove    | Identified the +7 broad axe of Urylis {venom, ^Fragile
                  | Int-5 Dex+4 Stlth+}
 31873 | Trove    | Identified the orb of Unreason {mayhem, Regen+ rCorr Slay-6
                  | Stlth+}
 32076 | Spider:1 | Entered Level 1 of the Spider Nest
 32115 | Spider:1 | Incinerated by a sun moth

Illustrated notes

Levels and vault maps discovered:
D:1:      ncdulo_wetmaze, layout_basic
D:2:      layout_loops_ring
D:3:      layout_loops_ring, grunt_temple_overflow_open,
          kennysheep_generic_room_3, uniq_terence, uniq_crazy_yiuf_cottage
D:4:      minmay_diamond_boxcup, layout_basic, hellmonk_no_cap, uniq_edmund
D:5:      layout_loops_corners, temple_green, nicolae_stop_n_shop_2
D:6:      layout_loops_cross, mainiacjoe_overflow_alcove_2, serial_shops,
          nicolae_shop_just_a_little_nook, grunt_ministairs_15
D:7:      layout_basic, nicolae_ru_great_annihilating_truth,
          minmay_stone_trees_medium
D:8:      layout_gridville, serial_park_tiny_1, uniq_psyche
D:9:      layout_small_grid
D:10:     layout_basic, david_orc_4
D:11:     layout_basic, minmay_lair_entry_grove
D:12:     layout_gridville, minmay_fractal_squares_gapless_7, uniq_lodul
D:13:     layout_gridville, hellmonk_vaults_order_and_chaos, enter_trove_3,
          minivault_16, nzn_hepliaklqana_mist_gate
D:14:     layout_cross, minmay_diamond_spiral
D:15:     grunt_enter_depths_snipers, layout_basic, lemuel_tele_altar,
          uniq_louise, uniq_jorgrun
Lair:1:   layout_chaotic_city, portal_ice_cave_entry_ice_simulacra,
          grunt_megastairs_5, serial_bayou_shore_b, infiniplex_staircase_pool_2
Lair:2:   layout_regular_city, gauntlet_entry_generic
Lair:3:   layout_loops_ring, elwin_shoals_entry_rooms, spider_nest_entry_rubble,
          lemuel_fruit_tree
Lair:4:   layout_roguey [special_room_mythical_zoo], minmay_slime_entry_pillars,
          nicolae_volcano_entry_s_turn, st_stairs_6
Lair:5:   hangedman_lair_in_review, layout_concentric_octagons,
          chequers_serial_rivers_micro_c, serial_bayou_shore_a, uniq_kirke
Spider:1: layout_spider_delve, worms_lemuel, uniq_rupert, uniq_nikola
Orc:1:    layout_diamond_mine, uniq_josephine
Orc:2:    pf_orc_diabolical, layout_diamond_mine, serial_shops, shop,
          minmay_orc_treasury

Skill      XL: |  1  2  3  4  5  6  7  8  9 10 11 12 13 14 15 16 17 |
---------------+----------------------------------------------------+-----
Axes           | 4 5 6 7 9 11 12 14 16 18 | 18.0
Fighting       | 4 5 7 8 9 10 12 13 14 15 16 | 16.5
Evocations     | 3 6 9 10 13 14 15 16 | 16.0
Armour         | 3 6 9 10 11 | 11.1
Dodging        | 5 6 8 |  8.9

Action                     |  1- 3 |  4- 6 |  7- 9 | 10-12 | 13-15 | 16-18 || total
---------------------------+-------+-------+-------+-------+-------+-------++-------
  Melee: Hand axe          |    38 |    48 |   191 |   341 |   153 |       ||   771
         Dagger            |     8 |       |       |       |       |       ||     8
         Whip              |    57 |    26 |       |       |       |       ||    83
         Spear             |    39 |    76 |   223 |   379 |   470 |       ||  1187
         Unarmed           |       |       |    10 |       |       |       ||    10
         War axe           |       |       |       |       |   172 |       ||   172
         Broad axe         |       |       |       |       |   289 |   538 ||   827
  Throw: Boomerang         |       |       |     1 |     1 |       |       ||     2
         Dart              |       |       |       |     3 |     4 |     1 ||     8
 Invoke: Berserk           |       |     3 |     5 |     1 |     5 |       ||    14
         Brothers in Arms  |       |       |     1 |     3 |     3 |     2 ||     9
         Trog's Hand       |       |       |       |     1 |     2 |       ||     3
Ability: Invent Gizmo      |       |       |       |       |     1 |       ||     1
         Evoke Blink       |       |       |       |       |       |     2 ||     2
  Evoke: Lightning rod     |       |       |       |       |     8 |       ||     8
         Wand              |       |       |       |       |     3 |     2 ||     5
         Box of beasts     |       |       |       |       |     1 |     1 ||     2
    Use: Scroll            |       |       |     6 |     5 |    14 |     4 ||    29
         Potion            |       |       |     2 |     1 |       |     1 ||     4
   Stab: Paralysed         |       |       |     1 |       |       |       ||     1
         Invisible         |       |       |       |       |     6 |     4 ||    10
         Confused          |       |       |       |       |       |     2 ||     2
         Distracted        |       |       |       |       |       |     1 ||     1
 Armour: Animal skin       |    14 |       |       |       |       |       ||    14
         Scale mail        |    31 |    15 |       |       |       |       ||    46
         Plate armour      |       |    40 |   202 |   393 |   582 |   145 ||  1362
         Skin              |       |       |     8 |       |       |       ||     8
         Gold dragon scale |       |       |       |       |       |   177 ||   177
  Dodge: Dodged            |    27 |    19 |    57 |   100 |   188 |   110 ||   501

Table legend: (Time is in decaauts)
 A = Elapsed time spent in this place.
 B = Non-inter-level travel time spent in this place.
 C = Inter-level travel time spent in this place.
 D = Time resting spent in this place.
 E = Time spent auto-exploring this place.
 F = Levels seen in this place.
 G = Mean time per level.
                   A        B        C        D        E       F      G
               +--------+--------+--------+--------+--------+-----+--------+
         Total |  31804 |  30090 |   1714 |   4118 |  21824 |  27 | 1177.9 |
       Dungeon |  18078 |  16835 |   1243 |   2813 |  11745 |  15 | 1205.2 |
          Lair |   8577 |   8254 |    323 |    123 |   7325 |   5 | 1715.4 |
   Spider Nest |     36 |     36 |      0 |      0 |      8 |   1 |   36.0 |
  Orcish Mines |   2777 |   2631 |    146 |    220 |   2011 |   2 | 1388.5 |
         Trove |     56 |     56 |      0 |      0 |      0 |   1 |   56.0 |
      Ice Cave |   1141 |   1141 |      0 |    313 |    568 |   1 | 1141.0 |
       Volcano |    451 |    451 |      0 |    312 |     23 |   1 |  451.0 |
      Gauntlet |    684 |    684 |      0 |    336 |    143 |   1 |  684.0 |
               +--------+--------+--------+--------+--------+-----+--------+

Top non-repeatable levels by time:
  Lair:5: 2451 daAuts
  Lair:3: 2274 daAuts
    D:12: 2166 daAuts
   Orc:2: 1973 daAuts
    D:15: 1867 daAuts
    D:13: 1726 daAuts
    D:10: 1554 daAuts
  Lair:2: 1526 daAuts
     D:7: 1309 daAuts
    D:14: 1281 daAuts
  Lair:4: 1271 daAuts
   IceCv: 1141 daAuts
    D:11: 1098 daAuts
     D:6: 1084 daAuts
     D:8: 1068 daAuts
